AoeStats
← ricky102603

Arabia

509009864Analyzed
1v1 RM · 9d ago on Sep 25, 2026· 49m 56s· 2 players
Game mode
Random Map
Map size
Tiny (2 player)
Population
200
Speed
Normal
Resources
Standard
Victory
Conquest
Starting age
Dark Age
Ending age
Imperial Age
RankedLock teamsTeams togetherTeam positionsShared explorationLock speedFull tech treeHidden civsTurbo modeCheats
Victory
Defeat
🇩🇪 Britons · Germany
1025
+15
🇹🇼 Ethiopians · Taiwan
1014
-15
ricky102603
6:39 Loom
9:31 Feudal Age
16:03 Fletching
16:13 Padded Archer Armor
22:15 Castle Age
20:15 Gold Mining
20:16 Horse Collar
23:39 Double-Bit Axe
24:33 Crossbowman
26:39 Thumb Ring
27:31 Forging
27:22 Bodkin Arrow
28:29 Leather Archer Armor
31:59 Forging
31:55 Scale Barding Armor
32:55 Husbandry
34:05 Iron Casting
34:41 Chain Barding Armor
39:18 Stone Mining
43:55 Gold Shaft Mining
Kevin Durant
6:54 Loom
8:56 Feudal Age
14:00 Fletching
16:06 Double-Bit Axe
17:05 Padded Archer Armor
23:31 Castle Age
23:34 Crossbowman
24:12 Bodkin Arrow
24:44 Bow Saw
25:42 Leather Archer Armor
26:42 Horse Collar
29:31 Ballistics
33:03 Gold Mining
34:18 Heavy Plow
36:53 Pikeman
39:20 Gold Shaft Mining
38:36 Stone Mining
40:23 Wheelbarrow
39:36 Town Watch
40:09 Squires
41:47 Scale Mail Armor
42:26 Masonry
46:13 Imperial Age
47:27 Conscription
46:28 Elite Longbowman
50:33 Two-Man Saw
50:59 Chemistry
50:18 Hand Cart
Connection lost

Rejoining the realm…

Still unreachable

The connection could not be restored.

Session expired

The server has moved on; the page needs a fresh start.